 Dungeon Crawl Stone Soup version 0.18-a0-316-gf882de5 (console) character file.

12092 endege the Grappler (level 11, -14/163 HPs)
             Began as a Troll Assassin on Nov 27, 2015.
             Was a High Priest of Trog.
             Demolished by an elephant (18 damage)
             ... on level 2 of the Lair of Beasts.
             The game lasted 00:11:20 (11073 turns).

endege the Grappler (Troll Assassin)               Turns: 11073, Time: 00:11:20

Health: -14/163    AC: 11    Str: 26    XL:     11   Next: 57%
Magic:  10/10      EV: 13    Int:  7    God:    Trog [*****.]
Gold:   460        SH:  0    Dex: 14    Spells: 0 memorised, 10 levels left

rFire  . . .     SeeInvis .       - Unarmed
rCold  + . .     Clarity  .     p - +1 robe {rC+}
rNeg   . . .     SustAt   .     (no shield)
rPois  +         Gourm    +     (helmet restricted)
rElec  .         Spirit   .     h - +2 cloak {MR+}
rCorr  +         Warding  .     (gloves unavailable)
rMut   .         Stasis   .     (boots unavailable)
MR     +....                    k - amulet of resist corrosion
Stlth  ..........               w - ring of poison resistance
                                r - +2 ring of protection

@: berserking (expiring), very quick, somewhat resistant to hostile
enchantments, extremely unstealthy
A: unfitting armour, claws 3, fast metabolism 3, gourmand, regeneration 2,
shaggy fur 1, tough skin 2
a: Berserk, Trog's Hand, Brothers in Arms, Burn Spellbooks, Renounce Religion


You were on level 2 of the Lair of Beasts.
You worshipped Trog.
Trog was extremely pleased with you.
You were very full.

You visited 2 branches of the dungeon, and saw 11 of its levels.

You collected 460 gold pieces.


Innate Abilities, Weirdness & Mutations

You are too large for most types of armour.
You have claws for hands.
Your metabolism is lightning-fast.
You like to eat raw meat.
You heal very quickly.
You are covered in fur (AC +1).
You have very tough skin (AC +2).


   Skills:
 + Level 7.2 Fighting
 - Level 1.5 Short Blades
 - Level 1.7 Throwing
 - Level 6.9 Dodging
 - Level 2.4 Stealth
 + Level 13.9 Unarmed Combat


You had 10 spell levels left.
You didn't know any spells.

Inventory:

Hand Weapons
 a - a +2 dagger
 b - a +0 blowgun
Missiles
 e - 8 javelins (quivered)
 x - 5 tomahawks
 z - 2 silver javelins
Armour
 h - a +2 cloak of magic resistance (worn)
 p - a +1 robe of cold resistance (worn)
Jewellery
 k - an amulet of resist corrosion (around neck)
 r - a +2 ring of protection (left claw)
 w - a ring of poison resistance (right claw)
 y - an uncursed ring of protection from cold
 C - an uncursed ring of positive energy
Wands
 q - a wand of teleportation (3)
Scrolls
 f - 8 scrolls of remove curse
 j - a scroll of identify
Potions
 c - a potion of haste
 i - 5 potions of curing
 s - 3 potions of resistance
 v - 2 potions of heal wounds
 A - a potion of cure mutation
Comestibles
 g - 11 bread rations
 l - 8 meat rations
 n - 10 beef jerkies
 o - 2 slices of pizza

Dungeon Overview and Level Annotations

Branches:
Dungeon (9/15)             Temple (0/1) D:4            Lair (2/8) D:9
    Orc: D:9-12

Altars:
Cheibriados
Dithmenos
Gozag
Kikubaaqudgha
Okawaru
Ru
Sif Muna
Trog
Vehumet
Xom
Yredelemnul
Zin
The Shining One

Shops:
D:5 }


Message History

The elephant misses you. The elephant barely misses you.
The elephant tramples you!
* * * LOW HITPOINT WARNING * * *
You hold your ground!
The elephant closely misses you.
You claw the elephant!
The elephant is severely wounded.
The elephant tramples you!
* * * LOW HITPOINT WARNING * * *
You hold your ground!
The elephant trunk-slaps you but does no damage.
You mangle the elephant!!
You kill the elephant!
Trog accepts your kill.
You scratch the elephant but do no damage.
You claw the elephant!
The elephant is moderately wounded.
The elephant barely misses you. The elephant closely misses you.
You scratch the elephant.
The elephant is moderately wounded.
The elephant tramples you!!
You die...

........##
##..#...# .
###.......##
..#.....P.<..#
...........###
..........##.#
......Y..[..##
#.#........>##
.....##.........
.P..
##%.......!. ...
#@Y.........
#%Y..P.)....
###.##...... ###
##... #.


You could see 2 elephants.

Vanquished Creatures
  A hydra (Lair:1)
  Pikel (D:6)
  3 elephants (Lair:2)
  Maurice (D:9)
  A komodo dragon (Lair:1)
  A black mamba (Lair:1)
  A spiny frog (Lair:1)
  2 trolls (D:9)
  3 hippogriffs
  10 yaks
  8 wolves
  2 water moccasins
  2 porcupines (Lair:1)
  A slave (D:6)
  A necrophage (D:6)
  3 orc warriors
  2 ice beasts
  2 sky beasts
  9 ogres
  3 phantoms
  2 black bears
  3 centaurs (D:6)
  5 crocodiles
  3 giant frogs
  2 scorpions
  2 electric eels (D:9)
  5 wights (D:7)
  6 killer bees (D:8)
  4 crimson imps
  A giant frog zombie (D:7)
  10 hounds
  3 giant frog skeletons
  Crazy Yiuf (D:6)
  3 orc priests
  4 orc wizards
  10 worker ants
  Natasha (thrice) (D:2)
  5 iguanas
  A hound zombie (D:9)
  3 gnolls (D:6)
  9 adders
  26 river rats (Lair:1)
  5 shadow imps
  2 oozes
  A worm (D:2)
  5 giant geckos
  39 orcs
  A ball python (D:3)
  7 giant cockroaches
  9 goblins
  8 hobgoblins
  6 kobolds
  5 quokkas
  A ball python skeleton (D:4)
  9 bats
  A giant gecko skeleton (D:5)
  6 giant newts
  9 jackals
  A quokka skeleton (D:5)
  13 rats
296 creatures vanquished.

Vanquished Creatures (collateral kills)
  2 yaks (Lair:1)
  A wolf (Lair:1)
3 creatures vanquished.

Grand Total: 299 creatures vanquished

Notes
Turn   | Place    | Note
--------------------------------------------------------------
     0 | D:1      | endege the Troll Assassin began the quest for the Orb.
     0 | D:1      | Reached XP level 1. HP: 19/19 MP: 0/0
     0 | D:1      | 0 ||| counter = 42
    94 | D:1      | Reached skill level 1 in Unarmed Combat
   330 | D:1      | Reached XP level 2. HP: 27/27 MP: 1/1
   411 | D:1      | Reached skill level 1 in Dodging
   617 | D:1      | 617 ||| READING scroll labeled QOUNIMMIOCI.
   618 | D:1      | 618 ||| READING 2 scrolls labeled VAIKHL IGIOPI.
   619 | D:1      | 619 ||| READING scroll labeled TEGRAI LIDU.
   620 | D:1      | 620 ||| READING scroll labeled PAEZXE PUFOOSOFE.
   621 | D:1      | 621 ||| DRINKING 2 white potions.
   622 | D:1      | 622 ||| DROPPING 8 poisoned needles.
   623 | D:1      | 623 ||| DROPPING 2 curare-tipped needles.
   624 | D:1      | 624 ||| DROPPING scroll of random uselessness.
   629 | D:2      | Noticed Natasha
   639 | D:2      | Killed Natasha
   639 | D:2      | Reached XP level 3. HP: 33/33 MP: 2/2
   737 | D:2      | Found an opulent altar of Gozag.
   760 | D:2      | Noticed Natasha
   766 | D:2      | Killed Natasha
   779 | D:2      | 779 ||| Stepping ~*~*~tactically~*~*~ (outnumbered).
   781 | D:2      | Reached skill level 3 in Unarmed Combat
   848 | D:2      | Reached XP level 4. HP: 34/41 MP: 3/3
   871 | D:2      | Noticed Natasha
   881 | D:2      | Killed Natasha
  1532 | D:2      | 1532 ||| READING scroll labeled GUSEUTE ICLE.
  1533 | D:2      | 1533 ||| READING scroll labeled NEASIY TOORUO.
  1537 | D:2      | 1537 ||| READING scroll labeled ZUSEPS CYUTI.
  1538 | D:2      | 1538 ||| READING scroll labeled BEIZ HUHESENNA.
  1548 | D:3      | Found a basalt altar of Yredelemnul.
  1550 | D:3      | 1550 ||| STAIRDANCE
  1649 | D:3      | Found a bloodstained altar of Trog.
  1658 | D:3      | Became a worshipper of Trog the Wrathful
  2309 | D:3      | 2309 ||| Stepping ~*~*~tactically~*~*~ (outnumbered).
  2379 | D:3      | Found a shimmering altar of Xom.
  2380 | D:3      | Noticed an angel
  2381 | D:3      | Found a glowing silver altar of Zin.
  2475 | D:3      | Noticed a giant frog
  2486 | D:3      | Killed a giant frog
  2486 | D:3      | Reached skill level 4 in Unarmed Combat
  2486 | D:3      | Reached XP level 5. HP: 45/49 MP: 4/4
  2598 | D:3      | 2598 ||| UPGRADING to ivory ring.
  2599 | D:3      | 2599 ||| READING scroll labeled HOUQIL TI VOU.
  2600 | D:3      | 2600 ||| READING scroll labeled OJIPTA ICAXZO.
  2601 | D:3      | 2601 ||| DRINKING 2 glowing dark potions.
  2602 | D:3      | 2602 ||| DROPPING potion of flight.
  2663 | D:4      | Found a staircase to the Ecumenical Temple.
  2703 | D:4      | Reached * piety under Trog
  2754 | D:4      | Noticed a phantom
  2759 | D:4      | 2759 ||| Stepping ~*~*~tactically~*~*~ (outnumbered).
  2784 | D:4      | Killed a phantom
  2784 | D:4      | Reached skill level 5 in Unarmed Combat
  2784 | D:4      | Reached XP level 6. HP: 57/57 MP: 5/5
  2966 | D:4      | 2966 ||| INVOKING Berserk.
  3248 | D:4      | 3248 ||| INVOKING Berserk.
  3403 | D:5      | Entered Level 5 of the Dungeon
  3403 | D:5      | Found Nuompar's Gadget Shop.
  3428 | D:5      | 3428 ||| INVOKING Berserk.
  3432 | D:5      | Reached skill level 3 in Dodging
  3432 | D:5      | Reached skill level 6 in Unarmed Combat
  3432 | D:5      | Reached XP level 7. HP: 66/66 MP: 6/6
  3633 | D:5      | Reached skill level 3 in Fighting
  3976 | D:5      | 3976 ||| INVOKING Berserk.
  4030 | D:5      | Found an iron altar of Okawaru.
  4148 | D:5      | 4148 ||| INVOKING Berserk.
  4150 | D:5      | Reached ** piety under Trog
  4363 | D:5      | 4363 ||| INVOKING Berserk.
  4465 | D:5      | 4465 ||| READING scroll labeled QUNADOELAKH.
  4466 | D:5      | 4466 ||| DRINKING 2 amethyst potions.
  4467 | D:5      | 4467 ||| DRINKING 2 yellow potions.
  4468 | D:5      | 4468 ||| DRINKING 4 grey potions.
  4469 | D:5      | 4469 ||| DRINKING 2 green potions.
  4470 | D:5      | 4470 ||| READING 2 scrolls of identify.
  4470 | D:5      | 4470 ||| IDENTIFYING fizzy puce potion
  4471 | D:5      | 4471 ||| DROPPING potion of mutation.
  4472 | D:5      | 4472 ||| DROPPING potion of agility.
  4473 | D:5      | 4473 ||| DROPPING 9 poisoned needles.
  4554 | D:6      | Reached skill level 7 in Unarmed Combat
  4554 | D:6      | Reached XP level 8. HP: 74/76 MP: 7/7
  4658 | D:6      | Found a shadowy altar of Dithmenos.
  4709 | D:6      | Noticed Pikel
  4714 | D:6      | 4714 ||| INVOKING Berserk.
  4727 | D:6      | Killed Pikel
  4727 | D:6      | Reached skill level 8 in Unarmed Combat
  4935 | D:6      | Found a radiant altar of Vehumet.
  4996 | D:6      | Reached XP level 9. HP: 84/87 MP: 8/8
  5050 | D:6      | 5050 ||| INVOKING Berserk.
  5052 | D:6      | Reached skill level 9 in Unarmed Combat
  5212 | D:6      | Noticed Crazy Yiuf
  5213 | D:6      | Killed Crazy Yiuf
  5284 | D:6      | 5284 ||| UPGRADING to embroidered robe.
  5294 | D:6      | 5294 ||| DROPPING +0 robe.
  5295 | D:6      | 5295 ||| UPGRADING to runed pearl ring.
  5296 | D:6      | 5296 ||| REMOVING ring of flight.
  5297 | D:6      | 5297 ||| DROPPING ring of flight.
  5298 | D:6      | 5298 ||| DRINKING 2 metallic puce potions.
  5351 | D:6      | 5351 ||| READING 2 scrolls of identify.
  5351 | D:6      | 5351 ||| IDENTIFYING wand of teleportation {zapped: 1}
  5352 | D:6      | 5352 ||| DROPPING potion of lignification.
  5353 | D:6      | 5353 ||| DROPPING wand of flame.
  5448 | D:7      | 5448 ||| INVOKING Berserk.
  5767 | D:7      | Reached skill level 10 in Unarmed Combat
  5858 | D:7      | 5858 ||| INVOKING Berserk.
  5976 | D:7      | 5976 ||| INVOKING Berserk.
  6625 | D:7      | 6625 ||| READING scroll labeled EBROZX OZEJ.
  6626 | D:7      | 6626 ||| READING 3 scrolls of identify.
  6626 | D:7      | 6626 ||| IDENTIFYING smoky silvery potion
  6627 | D:7      | 6627 ||| READING 2 scrolls of identify.
  6627 | D:7      | 6627 ||| IDENTIFYING black potion
  6628 | D:7      | 6628 ||| DROPPING potion of invisibility.
  6815 | D:8      | 6815 ||| INVOKING Berserk.
  6820 | D:8      | Reached *** piety under Trog
  6944 | D:8      | 6944 ||| INVOKING Berserk.
  6950 | D:8      | Received a gift from Trog
  7120 | D:8      | 7120 ||| INVOKING Berserk.
  7428 | D:8      | 7428 ||| INVOKING Berserk.
  7432 | D:8      | Reached XP level 10. HP: 96/96 MP: 9/9
  7575 | D:8      | Found a deep blue altar of Sif Muna.
  7579 | D:8      | Reached skill level 11 in Unarmed Combat
  7907 | D:8      | Found a glowing golden altar of the Shining One.
  7992 | D:8      | Found an ancient bone altar of Kikubaaqudgha.
  8280 | D:8      | 8280 ||| UPGRADING to glass ring.
  8281 | D:8      | 8281 ||| REMOVING ring of stealth.
  8282 | D:8      | 8282 ||| DROPPING ring of stealth.
  8283 | D:8      | 8283 ||| UPGRADING to encrusted opal ring.
  8284 | D:8      | 8284 ||| UPGRADING to bone ring.
  8286 | D:8      | 8286 ||| UPGRADING to +2 ring of protection.
  8288 | D:8      | 8288 ||| DROPPING wand of invisibility.
  8289 | D:8      | 8289 ||| DROPPING 7 needles of confusion.
  8376 | D:9      | 8376 ||| Stepping ~*~*~tactically~*~*~ (outnumbered).
  8377 | D:9      | 8377 ||| Stepping ~*~*~tactically~*~*~ (outnumbered).
  8378 | D:9      | 8378 ||| Stepping ~*~*~tactically~*~*~ (outnumbered).
  8379 | D:9      | 8379 ||| Stepping ~*~*~tactically~*~*~ (outnumbered).
  8380 | D:9      | 8380 ||| Stepping ~*~*~tactically~*~*~ (outnumbered).
  8381 | D:9      | 8381 ||| Stepping ~*~*~tactically~*~*~ (outnumbered).
  8382 | D:9      | 8382 ||| Stepping ~*~*~tactically~*~*~ (outnumbered).
  8383 | D:9      | 8383 ||| Stepping ~*~*~tactically~*~*~ (outnumbered).
  8384 | D:9      | 8384 ||| Stepping ~*~*~tactically~*~*~ (outnumbered).
  8385 | D:9      | 8385 ||| Stepping ~*~*~tactically~*~*~ (outnumbered).
  8386 | D:9      | 8386 ||| Stepping ~*~*~tactically~*~*~ (outnumbered).
  8387 | D:9      | 8387 ||| Stepping ~*~*~tactically~*~*~ (outnumbered).
  8388 | D:9      | 8388 ||| Stepping ~*~*~tactically~*~*~ (outnumbered).
  8389 | D:9      | 8389 ||| Stepping ~*~*~tactically~*~*~ (outnumbered).
  8452 | D:9      | 8452 ||| INVOKING Berserk.
  8456 | D:9      | Reached **** piety under Trog
  8568 | D:9      | 8568 ||| Stepping ~*~*~tactically~*~*~ (outnumbered).
  8569 | D:9      | 8569 ||| Stepping ~*~*~tactically~*~*~ (outnumbered).
  8573 | D:9      | 8573 ||| Stepping ~*~*~tactically~*~*~ (outnumbered).
  8576 | D:9      | 8576 ||| Stepping ~*~*~tactically~*~*~ (outnumbered).
  8587 | D:9      | 8587 ||| INVOKING Berserk.
  8594 | D:9      | Reached skill level 6 in Fighting
  8678 | D:9      | Found a staircase to the Lair.
  8682 | D:9      | 8682 ||| INVOKING Berserk.
  8689 | D:9      | Noticed Maurice
  8690 | D:9      | 8690 ||| ZAPPING wand of teleportation (3).
  8692 | D:9      | Found a snail-covered altar of Cheibriados.
  8735 | D:9      | HP: 22/98 [something (5)]
  8736 | D:9      | 8736 ||| DRINKING 3 potions of heal wounds.
  8741 | D:9      | Reached skill level 6 in Dodging
  8808 | D:9      | 8808 ||| Invisible monster not found???
  8840 | D:9      | 8840 ||| INVOKING Berserk.
  8843 | D:9      | Reached skill level 12 in Unarmed Combat
  8913 | D:9      | Killed Maurice
  8977 | D:9      | 8977 ||| Invisible monster not found???
  9162 | D:9      | Found a sacrificial altar of Ru.
  9162 | D:9      | Found a deep blue altar of Sif Muna.
  9205 | D:9      | 9205 ||| Stepping ~*~*~tactically~*~*~ (outnumbered).
  9206 | D:9      | 9206 ||| Stepping ~*~*~tactically~*~*~ (outnumbered).
  9207 | D:9      | 9207 ||| Stepping ~*~*~tactically~*~*~ (outnumbered).
  9225 | D:9      | 9225 ||| READING scroll of recharging.
  9225 | D:9      | 9225 ||| RECHARGING wand of teleportation (0).
  9450 | D:9      | 9450 ||| UPGRADING to blackened bronze ring.
  9452 | D:9      | 9452 ||| REMOVING ring of sustain attributes.
  9453 | D:9      | 9453 ||| DROPPING ring of sustain attributes.
  9454 | D:9      | 9454 ||| UPGRADING to bronze ring.
  9455 | D:9      | 9455 ||| UPGRADING to ring of protection from cold.
  9457 | D:9      | 9457 ||| UPGRADING to +2 ring of protection.
  9459 | D:9      | 9459 ||| READING scroll labeled ULI JUV ZUXT.
  9459 | D:9      | Identified a scroll of acquirement
  9461 | D:9      | 9461 ||| UPGRADING to glowing cloak.
  9471 | D:9      | 9471 ||| DROPPING +0 cloak.
  9472 | D:9      | 9472 ||| DRINKING 2 puce potions.
  9473 | D:9      | 9473 ||| READING 2 scrolls of identify.
  9473 | D:9      | 9473 ||| IDENTIFYING viscous pink potion
  9474 | D:9      | 9474 ||| DROPPING 2 curare-tipped needles.
  9475 | D:9      | 9475 ||| DROPPING wand of magic darts.
  9476 | D:9      | 9476 ||| DROPPING potion of ambrosia.
  9477 | D:9      | 9477 ||| DROPPING wand of random effects.
  9490 | Lair:1   | Entered Level 1 of the Lair of Beasts
  9491 | Lair:1   | 9491 ||| Entered L.
  9491 | Lair:1   | 9491 ||| STAIRDANCE
  9493 | D:9      | 9493 ||| Stepping ~*~*~tactically~*~*~ (outnumbered).
  9494 | D:9      | 9494 ||| Stepping ~*~*~tactically~*~*~ (outnumbered).
  9527 | Lair:1   | 9527 ||| STAIRDANCE
  9529 | D:9      | 9529 ||| Stepping ~*~*~tactically~*~*~ (outnumbered).
  9530 | D:9      | 9530 ||| Stepping ~*~*~tactically~*~*~ (outnumbered).
  9535 | D:9      | 9535 ||| INVOKING Berserk.
  9540 | D:9      | HP: 32/150 [yak (14)]
  9680 | Lair:1   | 9680 ||| STAIRDANCE
  9691 | Lair:1   | 9691 ||| STAIRDANCE
  9822 | Lair:1   | 9822 ||| Stepping ~*~*~tactically~*~*~ (outnumbered).
  9823 | Lair:1   | 9823 ||| Stepping ~*~*~tactically~*~*~ (outnumbered).
  9824 | Lair:1   | 9824 ||| Stepping ~*~*~tactically~*~*~ (outnumbered).
  9825 | Lair:1   | 9825 ||| Stepping ~*~*~tactically~*~*~ (outnumbered).
  9828 | Lair:1   | 9828 ||| Stepping ~*~*~tactically~*~*~ (outnumbered).
  9829 | Lair:1   | 9829 ||| Stepping ~*~*~tactically~*~*~ (outnumbered).
  9830 | Lair:1   | 9830 ||| Stepping ~*~*~tactically~*~*~ (outnumbered).
  9834 | Lair:1   | Reached XP level 11. HP: 107/107 MP: 10/10
 10074 | Lair:1   | 10074 ||| Stepping ~*~*~tactically~*~*~ (outnumbered).
 10075 | Lair:1   | 10075 ||| Stepping ~*~*~tactically~*~*~ (outnumbered).
 10076 | Lair:1   | 10076 ||| Stepping ~*~*~tactically~*~*~ (outnumbered).
 10077 | Lair:1   | 10077 ||| Stepping ~*~*~tactically~*~*~ (outnumbered).
 10078 | Lair:1   | 10078 ||| Stepping ~*~*~tactically~*~*~ (outnumbered).
 10079 | Lair:1   | 10079 ||| Stepping ~*~*~tactically~*~*~ (outnumbered).
 10097 | Lair:1   | Noticed a six-headed hydra
 10098 | Lair:1   | 10098 ||| INVOKING Brothers in Arms.
 10101 | Lair:1   | 10101 ||| INVOKING Berserk.
 10102 | Lair:1   | Killed a seven-headed hydra
 10102 | Lair:1   | Reached skill level 13 in Unarmed Combat
 10202 | Lair:1   | 10202 ||| INVOKING Berserk.
 10295 | Lair:1   | 10295 ||| INVOKING Berserk.
 10296 | Lair:1   | Reached ***** piety under Trog
 10395 | Lair:1   | 10395 ||| Stepping ~*~*~tactically~*~*~ (outnumbered).
 10396 | Lair:1   | 10396 ||| Stepping ~*~*~tactically~*~*~ (outnumbered).
 10397 | Lair:1   | 10397 ||| Stepping ~*~*~tactically~*~*~ (outnumbered).
 10398 | Lair:1   | 10398 ||| Stepping ~*~*~tactically~*~*~ (outnumbered).
 10400 | Lair:1   | 10400 ||| Stepping ~*~*~tactically~*~*~ (outnumbered).
 10401 | Lair:1   | 10401 ||| Stepping ~*~*~tactically~*~*~ (outnumbered).
 10402 | Lair:1   | 10402 ||| Stepping ~*~*~tactically~*~*~ (outnumbered).
 10403 | Lair:1   | 10403 ||| Stepping ~*~*~tactically~*~*~ (outnumbered).
 10404 | Lair:1   | 10404 ||| Stepping ~*~*~tactically~*~*~ (outnumbered).
 10405 | Lair:1   | 10405 ||| Stepping ~*~*~tactically~*~*~ (outnumbered).
 10406 | Lair:1   | 10406 ||| Stepping ~*~*~tactically~*~*~ (outnumbered).
 10407 | Lair:1   | 10407 ||| Stepping ~*~*~tactically~*~*~ (outnumbered).
 10408 | Lair:1   | 10408 ||| Stepping ~*~*~tactically~*~*~ (outnumbered).
 10409 | Lair:1   | 10409 ||| Stepping ~*~*~tactically~*~*~ (outnumbered).
 10633 | Lair:1   | 10633 ||| Stepping ~*~*~tactically~*~*~ (outnumbered).
 10842 | Lair:1   | 10842 ||| INVOKING Berserk.
 11031 | Lair:1   | 11031 ||| UPGRADING to thick peridot amulet.
 11032 | Lair:1   | 11032 ||| READING scroll labeled ROWKAFETOQ.
 11033 | Lair:1   | 11033 ||| READING 2 scrolls of identify.
 11033 | Lair:1   | 11033 ||| IDENTIFYING bubbling cyan potion
 11034 | Lair:1   | 11034 ||| DROPPING potion of berserk rage.
 11049 | Lair:2   | 11049 ||| STAIRDANCE
 11050 | Lair:2   | 11050 ||| Stepping ~*~*~tactically~*~*~ (outnumbered).
 11051 | Lair:2   | 11051 ||| Stepping ~*~*~tactically~*~*~ (outnumbered).
 11052 | Lair:2   | 11052 ||| Stepping ~*~*~tactically~*~*~ (outnumbered).
 11053 | Lair:2   | 11053 ||| Stepping ~*~*~tactically~*~*~ (outnumbered).
 11054 | Lair:2   | 11054 ||| Stepping ~*~*~tactically~*~*~ (outnumbered).
 11055 | Lair:2   | 11055 ||| Stepping ~*~*~tactically~*~*~ (outnumbered).
 11065 | Lair:2   | 11065 ||| INVOKING Berserk.
 11067 | Lair:2   | HP: 39/163 [elephant (9)]
 11069 | Lair:2   | HP: 11/163 [elephant (14)]
 11070 | Lair:2   | HP: 3/163 [elephant (8)]
 11073 | Lair:2   | Demolished by an elephant

Vault maps used:
D:1:      roderic_octagonal_star, minmay_misc_feat_roman, nrook_mini_backslash
D:2:      lemuel_round_altar, uniq_natasha
D:3:      yredelemnul_altar_generic, grunt_temple_overflow_order_and_chaos_1,
          bloody_trog, serial_co_window_serial, co_window_corner_a,
          co_window_of_opportunity_a, co_window_paths_a, co_window_paths_a,
          co_window_corner_a, co_window_paths_a, co_window_cross_1,
          co_window_corner_ca, co_window_broadway_c, co_window_unsneaky_path_b,
          co_window_corner_b, co_window_of_opportunity_b, co_window_corner_b,
          glass_columns_b, glass_columns_b, glass_columns_c, glass_columns_a,
          glass_columns_b, st_stairs_9
D:4:      minmay_temple_entry_trees
D:5:      marbit_many_paths, serial_shops, shop, first_bread
D:6:      grunt_dithmenos_smoke_and_mirrors, vehumet_crystals, uniq_pikel,
          uniq_crazy_yiuf_cottage
D:7:      grunt_ministairs_7
D:8:      kennysheep_orc_sif_temple, kennysheep_mini_moat,
          kiku_gazebo_garden_becter, grunt_ogre_cave
D:9:      gammafunk_temple_overflow_forgotten, erik_lair_island, uniq_maurice
Lair:1:   beast_lair_carwin_8

Action                   |  1- 3 |  4- 6 |  7- 9 | 10-12 || total
-------------------------+-------+-------+-------+-------++-------
Melee: Unarmed           |    80 |   168 |   210 |   272 ||   730
Throw: Tomahawk          |       |    10 |    56 |     8 ||    74
       Javelin           |       |       |    85 |   143 ||   228
Invok: Berserk           |       |     3 |    12 |    10 ||    25
       Brothers in Arms  |       |       |       |     1 ||     1
Evoke: Wand              |       |       |       |     1 ||     1
  Use: Scroll            |     4 |     6 |     6 |     5 ||    21
       Potion            |     1 |     1 |     5 |     2 ||     9
 Stab: Sleeping          |     2 |       |     2 |     1 ||     5
       Distracted        |       |       |     1 |       ||     1
  Eat: Chunk             |    13 |    26 |    49 |    44 ||   132
